Map: Simulacro LE

Players

aea - Winner!

  • Race: Zerg Zerg
  • League: Diamond
  • Spawn Location: 11:00

LowLinK

  • Race: Protoss Protoss
  • League: Diamond
  • Spawn Location: 5:00

VOD

Have the link to the VOD?

Description

Time

  • Played on: Feb. 20, 2020, 11:57 a.m.
  • Length: 10:48
Show
View Real Time Build Order
Export as new Build Order

aea Zerg - Winner!

Build Orders: Pool First, Swarm Host 

Get SALT Encoding   

  12  0:01  Drone  
  13  0:08  Drone  
  14  0:26  Spawning Pool  
  13  0:29  Drone  
  14  0:43  Overlord  
  14  0:45  Extractor, Drone  
  14  1:02  Drone  
  15  1:08  Drone x2  
  17  1:13  Queen  
  17  1:17  Overlord  
  19  1:27  Drone  
  20  1:38  Drone  
  21  1:49  Lair  
  21  1:52  Drone  
  22  1:54  Extractor  
  22  2:00  Drone  
  22  2:10  Drone  
  23  2:20  Drone  
  23  2:21  Drone x2  
  26  2:31  Hatchery  
  25  2:43  Spore Crawler  
  24  2:44  Drone  
  24  2:45  Drone x2  
  27  3:00  Infestation Pit  
  27  3:02  Drone  
  27  3:03  Nydus Network  
  27  3:05  Drone  
  27  3:10  Drone  
  27  3:11  Drone  
  29  3:14  Drone  
  30  3:21  Overlord  
  30  3:36  Overlord  
  30  3:39  Queen  
  30  3:40  Overseer  
  32  3:52  Drone x3  
  32  3:53  Drone  
  36  4:08  Drone  
  36  4:09  Queen  
  39  4:13  Extractor  
  39  4:14  Extractor  
  39  4:16  Spore Crawler  
  36  4:29  Swarm Host x4  
  36  4:30  Swarm Host  
  51  4:40  Spore Crawler  
  51  4:44  Drone  
  51  4:45  Drone  
  52  4:47  Overlord  
  44  5:08  Nydus Canal  
  44  5:16  Spine Crawler  
  44  5:17  Spine Crawler  
  44  5:18  Spine Crawler  
  44  5:21  Spine Crawler  
  40  5:22  Swarm Host  
  40  5:23  Swarm Host  
  35  6:11  Nydus Canal  
  35  6:12  Drone  
  35  6:13  Drone x2  
  35  6:14  Drone x2  
  35  6:15  Swarm Host, Queen  
  45  6:33  Nydus Canal  
  45  6:50  Overlord x3  
  45  7:07  Nydus Canal  
  45  7:17  Swarm Host x3  
  54  7:33  Swarm Host  
  45  8:17  Spine Crawler  
  45  8:18  Spine Crawler, Drone x4  
  45  8:19  Spine Crawler x2  
Show
View Real Time Build Order
Export as new Build Order

LowLinK Protoss 

Build Orders: Zealot Archon 

Get SALT Encoding   

  12  0:01  Probe  
  13  0:13  Probe  
  14  0:17  Pylon  
  14  0:25  Probe  
  15  0:36  Gateway  
  15  0:39  Probe (Chrono Boost)  
  16  0:47  Assimilator  
  16  0:48  Probe (Chrono Boost)  
  17  0:53  Probe (Chrono Boost)  
  17  0:56  Assimilator  
  18  1:05  Probe  
  19  1:17  Probe  
  20  1:22  Pylon  
  20  1:24  Cybernetics Core  
  20  1:29  Probe  
  20  1:32  Zealot  
  23  1:41  Probe  
  24  1:51  Pylon  
  24  1:53  Probe  
  25  1:59  Warp Gate, Forge  
  25  2:17  Gateway  
  27  2:25  Protoss Ground Weapons Level 1 (Chrono Boost)  
  27  2:27  Twilight Council  
  27  2:43  Gateway  
  25  3:03  Charge (Chrono Boost), Gateway  
  25  3:06  Gateway  
  25  3:10  Pylon  
  25  3:20  Pylon  
  25  3:38  Pylon  
  25  3:43  Templar Archives  
  25  3:48  Zealot x2  
  25  3:52  Zealot  
  31  4:00  Zealot  
  33  4:16  Zealot x2  
  37  4:20  High Templar x2  
  41  4:24  Archon  
  41  4:26  Zealot  
  43  4:39  Zealot  
  43  4:40  Zealot  
  47  4:48  Zealot  
  49  5:06  High Templar  
  51  5:08  High Templar, Zealot  
  51  5:09  Zealot  
  43  5:25  Archon  
  43  5:26  Zealot  
  45  5:29  Zealot x2  
  40  6:03  Zealot x2  
  40  6:04  Zealot x2  
  42  6:30  Probe  
  35  7:07  Stalker x2  
  26  7:28  Sentry  
Tags
 
Add a new tag
Caveats
  • Supply blocks, unpowered buildings, or Contaminate may cause inaccurate times.
  • Supply counts are checked every 10 seconds.